 Dungeon Crawl Stone Soup version 0.31-a0-810-ga77100ea1a (webtiles) character file.

Game seed: 16720895622871927740

287 lunkers the Digger (level 6, -2/45 HPs)
             Began as a Meteoran Earth Elementalist on Sept 21, 2023.
             Was an Initiate of Vehumet.
             Slain by Pikel
             ... wielding a +1 whip of flaming
              (5 damage)
             ... on level 5 of the Dungeon.
             The game lasted 00:03:00 (1298 turns).

lunkers the Digger (Meteoran Earth Elementalist)    Turns: 1298, Time: 00:03:01

Health: -2/45      AC:  2    Str: 10    XL:     6   Next: 88%
Magic:  1/14       EV: 12    Int: 18    God:    Vehumet [......]
Gold:   89         SH:  0    Dex: 15    Spells: 13/14 levels left

rFire   . . .        (no weapon)
rCold   . . .        (no shield)
rNeg    . . .        a - +0 robe
rPois   .            (no helmet)
rElec   .            (no cloak)
rCorr   +            (no gloves)
SInv    .            (no boots)
Will    +....        (no amulet)
Stlth   +            l - ring of resist corrosion
HPRegen 0.27/turn    q - ring of willpower
MPRegen 0.14/turn

%: no passive effects
@: glowing
A: sense surroundings 1, otherworldly, glowing, explore regen
a: Renounce Religion


You were on level 5 of the Dungeon.
You worshipped Vehumet.
Vehumet was noncommittal.
You visited 2 branches of the dungeon, and saw 6 of its levels.

You collected 89 gold pieces.

Inventory:

Armour
 a - a +0 robe (worn)
Jewellery
 l - a ring of resist corrosion (left hand)
 q - a ring of willpower (right hand)
 r - a ring of positive energy
Scrolls
 c - a scroll of acquirement {unknown}
 e - 3 scrolls of teleportation {unknown}
 g - a scroll of noise {unknown}
 i - a scroll of immolation {unknown}
 j - a scroll of fog {unknown}
 m - a scroll of fear {unknown}
 p - a scroll of identify {unknown}
Potions
 b - 2 potions of magic
 d - 2 potions of might {unknown}
 f - a potion of cancellation {unknown}
 h - 2 potions of curing {unknown}
 k - a potion of haste {unknown}
 n - a potion of lignification {unknown}
 o - a potion of berserk rage {unknown}


   Skills:
 - Level 2.1 Dodging
 - Level 1.4 Stealth
 + Level 4.9 Spellcasting
 - Level 1.2 Transmutations
 * Level 7.1 Earth Magic


You had 13 spell levels left.
You knew the following spells:

 Your Spells              Type           Power      Damage    Failure   Level
a - Sandblast             Erth           60%        2d14      1%          1

Your spell library contained the following spells:

 Spells                   Type           Power      Damage    Failure   Level
 Passwall                 Tmut/Erth      15%        N/A       3%          2
 Stone Arrow              Conj/Erth      34%        3d9       10%         3
 Apportation              Tloc           8%         N/A       14%         1
 Foxfire                  Conj/Fire      16%        2x1d4     14%         1
 Jinxbite                 Hex            8%         N/A       21%         2
 Petrify                  Tmut/Erth      19%        N/A       24%         4
 Brom's Barrelling Bould  Conj/Erth      17%        2d4       30%         4
 Alistair's Intoxication  Tmut/Pois      4%         N/A       96%         5
 Plasma Beam              Fire/Air       2%         2x1d12    100%        6
 Starburst                Conj/Fire      2%         6d3       100%        6


Dungeon Overview and Level Annotations

Branches:
Dungeon (5/15) Zot: 1703   Temple (1/1) D:5 Zot: 536

Altars:
Dithmenos
Elyvilon
Gozag
Makhleb
Okawaru
Trog
Vehumet
Wu Jian
Yredelemnul

Annotations:
D:5 Pikel


Innate Abilities, Weirdness & Mutations

You passively map a small area around you.
You are easily found by Zot.
You glow in the dark.
You regain HP and MP as you explore.


Message History

Aiming: Sandblast (safe; 1% risk of failure)
Press: ? - help, Q - select action Shift-Dir - straight line, f/p - Pikel
Aim: Pikel, wielding a +1 whip of flaming and wearing a +0 robe (heavily wounded, 80% to hit)
The blast of sand hits Pikel.
Pikel is severely wounded.
* * * LOW MAGIC WARNING * * *
Pikel closely misses you.
Unknown command.
Aiming: Sandblast (safe; 1% risk of failure)
Press: ? - help, Q - select action Shift-Dir - straight line, f/p - Pikel
Aim: Pikel, wielding a +1 whip of flaming and wearing a +0 robe (severely wounded, 80% to hit)
The blast of sand misses Pikel.
The blast of sand hits the lemure!
The lemure is almost dead.
* * * LOW MAGIC WARNING * * *
Pikel hits you with a +1 whip of flaming!
* * * LOW HITPOINT WARNING * * *
Pikel burns you.
* * * LOW HITPOINT WARNING * * *
Pikel misses you.
Unknown command.
Aiming: Sandblast (safe; 1% risk of failure)
Press: ? - help, Q - select action Shift-Dir - straight line, f/p - Pikel
Aim: Pikel, wielding a +1 whip of flaming and wearing a +0 robe (severely wounded, 80% to hit)
The blast of sand hits Pikel but does no damage.
Pikel is severely wounded.
* * * LOW MAGIC WARNING * * *
Pikel hits you with a +1 whip of flaming.
* * * LOW HITPOINT WARNING * * *
Pikel burns you.
* * * LOW HITPOINT WARNING * * *
Unknown command.
Aiming: Sandblast (safe; 1% risk of failure)
Press: ? - help, Q - select action Shift-Dir - straight line, f/p - Pikel
Aim: Pikel, wielding a +1 whip of flaming and wearing a +0 robe (heavily wounded, 80% to hit)
The blast of sand hits Pikel.
Pikel is severely wounded.
* * * LOW MAGIC WARNING * * *
Pikel hits you with a +1 whip of flaming.
You die...
Pikel says, "See you in Hell!"

#.# , , , , #.#
,* ** , #.# * ,
. ##.### ** .. ,
#....# *, ,...
**
##.#.#####......
** *
#..............
,
#.#.#####J....:
, ,
#.#...@K55.....
,*
#.#.#####......
,* #.#.# ####.
#.#.# * #.# *
#.# * , ,#.# ,##
#.* ... * ###


You could see Pikel, 2 lemures and a jelly.

Vanquished Creatures
  2 lemures (D:5)
  A scorpion (D:5)
  A jelly (D:5)
  2 orc priests (D:4)
  A gnoll (D:1)
  5 adders
  2 worms
  2 dart slugs
  10 orcs (D:4)
  4 ball pythons
  3 bats
  5 endoplasms
  2 giant cockroaches
  5 hobgoblins
  8 jackals
  2 quokkas
  A frilled lizard (D:3)
  2 goblins
  2 kobolds (D:1)
  6 rats
66 creatures vanquished.

Notes
Turn   | Place    | Note
-------+----------+-------------------------------------------
     0 | D:1      | lunkers the Meteoran Earth Elementalist began the quest for
                  | the Orb.
     0 | D:1      | Reached XP level 1. HP: 14/14 MP: 5/5
    49 | D:1      | Reached XP level 2. HP: 13/20 MP: 0/6
   108 | D:1      | Reached skill level 4 in Earth Magic
   242 | D:1      | Reached XP level 3. HP: 17/26 MP: 5/8
   316 | D:1      | Found a faded altar of an unknown god.
   397 | D:2      | Reached skill level 5 in Earth Magic
   397 | D:2      | Reached XP level 4. HP: 33/33 MP: 3/10
   613 | D:3      | Reached XP level 5. HP: 38/38 MP: 9/11
   929 | D:4      | Reached skill level 6 in Earth Magic
   933 | D:4      | Reached XP level 6. HP: 23/45 MP: 4/13
   972 | D:4      | You fall into a shaft and drop 1 floor!
   972 | D:5      | Entered Level 5 of the Dungeon
  1084 | D:5      | Found a staircase to the Ecumenical Temple.
  1098 | Temple   | Entered the Ecumenical Temple
  1138 | Temple   | Became a worshipper of Vehumet
  1225 | D:5      | Reached skill level 7 in Earth Magic
  1281 | D:5      | Noticed Pikel
  1297 | D:5      | HP: 2/45 [Pikel/+1 whip of flaming (1)]
  1298 | D:5      | Slain by Pikel

Illustrated notes

Levels and vault maps discovered:
D:1:      dpeg_arrival_boxorama, layout_basic, basic_ecumenical_altar
D:2:      layout_loops_cross
D:3:      layout_rooms, nicolae_overflow_hidden_temple
D:4:      layout_cave_pools, grunt_temple_overflow_diamond
D:5:      layout_basic, minmay_temple_entry_waves, serial_shops, shop,
          minmay_manual_mandibuliform, uniq_duvessa, uniq_grinder, uniq_pikel
Temple:   jpeg_temple_island

Skill      XL: |  1  2  3  4  5  6 |
---------------+-------------------+-----
Earth Magic    | 4 5 6 7 |  7.1
Spellcasting   | 3 4 |  4.9
Dodging        | |  2.1
Stealth        | |  1.4
Transmutations | |  1.2

Action                     |  1- 3 |  4- 6 || total
---------------------------+-------+-------++-------
  Melee: Unarmed           |       |     4 ||     4
   Cast: Sandblast         |    41 |    86 ||   127
 Armour: Robe              |     9 |    29 ||    38
  Dodge: Dodged            |     9 |    36 ||    45

Table legend: (Time is in decaauts)
 A = Elapsed time spent in this place.
 B = Non-inter-level travel time spent in this place.
 C = Inter-level travel time spent in this place.
 D = Time resting spent in this place.
 E = Time spent auto-exploring this place.
 F = Levels seen in this place.
 G = Mean time per level.
                   A        B        C        D        E       F      G
               +--------+--------+--------+--------+--------+-----+--------+
         Total |   1359 |   1335 |     24 |      0 |    868 |   6 |  226.5 |
       Dungeon |   1295 |   1294 |      1 |      0 |    868 |   5 |  259.0 |
        Temple |     63 |     40 |     23 |      0 |      0 |   1 |   63.0 |
               +--------+--------+--------+--------+--------+-----+--------+

Top non-repeatable levels by time:
     D:1: 362 daAuts
     D:3: 314 daAuts
     D:5: 274 daAuts
     D:2: 232 daAuts
     D:4: 112 daAuts
  Temple: 63 daAuts
